 Dungeon Crawl Stone Soup version 0.19.1 (webtiles) character file.

163 M4edhros the Insei (level 5, -2/31 HPs)
             Began as an Octopode Necromancer on Dec 19, 2016.
             Slain by a water moccasin (10 damage)
             ... on level 5 of the Dungeon.
             The game lasted 00:03:32 (676 turns).

M4edhros the Insei (Octopode Necromancer)            Turns: 676, Time: 00:03:33

Health: -2/31      AC:  1    Str: 12    XL:     5   Next: 44%
Magic:  1/8        EV: 13    Int: 18    God:
Gold:   37         SH:  0    Dex: 13    Spells: 3 memorised, 3 levels left

rFire  + . .     SeeInvis .       - Unarmed
rCold  . . .     Gourm    .     (no shield)
rNeg   . . .     Faith    .     (helmet restricted)
rPois  .         Spirit   .     (no amulet)
rElec  .         Reflect  .     h - ring of protection from fire
rCorr  .         Harm     .     (no ring)
MR     .....                    (no ring)
Stlth  +++.......               (no ring)
                                (no ring)
                                (no ring)
                                (no ring)
                                (no ring)

@: mighty
A: almost no armour, stealthy swim, amphibious, 8 rings, constrict 8, camouflage
1, gelatinous body 1
a: no special abilities


You were on level 5 of the Dungeon.
You were not hungry.

You visited 1 branch of the dungeon, and saw 5 of its levels.

You collected 37 gold pieces.

Inventory:

Hand Weapons
 e - a +2 dagger of freezing
 j - a +0 hunting sling
Missiles
 k - 13 stones (quivered)
Jewellery
 h - a ring of protection from fire (left tentacle)
Scrolls
 g - a scroll of enchant weapon
Books
 a - a book of Necromancy

   Spells                             Type                      Level
   a - Pain                           Necromancy                   1
   b - Animate Skeleton               Necromancy                   1
   c - Vampiric Draining              Necromancy                   3
   d - Regeneration                   Charms/Necromancy            3
   e - Animate Dead                   Necromancy                   4
   f - Control Undead                 Necromancy                   4
Comestibles
 b - 2 bread rations
 l - 4 chunks of flesh


   Skills:
 - Level 2.0 Dodging
 - Level 2.6 Stealth
 + Level 5.0 Unarmed Combat
 - Level 2.0 Spellcasting
 - Level 4.0 Necromancy


You had 3 spell levels left.
You knew the following spells:

 Your Spells              Type           Power        Failure   Level  Hunger
a - Pain                  Necr           ###.         3%          1    #......
b - Animate Skeleton      Necr           N/A          3%          1    #......
c - Regeneration          Chrm/Necr      #.........   24%         3    ###....


Dungeon Overview and Level Annotations

Branches:
Dungeon (5/15)
 Temple: D:4-7

Altars:
Sif Muna


Innate Abilities, Weirdness & Mutations

You cannot wear most types of armour.
You are very stealthy in the water. (Stealth+)
You are amphibious.
You can wear up to eight rings at the same time.
You can use your tentacles to constrict eight enemies at once.
Your skin changes colour to match your surroundings (Stealth+).
Your rubbery body absorbs attacks. (AC +1, EV +1)


Message History

The water moccasin bites your adder skeleton.
Your adder skeleton closely misses the water moccasin.
The water moccasin bites your adder skeleton.
Your adder skeleton is destroyed!
As you read the scroll labeled YPPERA CIHO, it crumbles to dust.
It is a scroll of amnesia.
Forget which spell ([?*] list [ESC] exit)?
Forget which spell ([?*] list [ESC] exit)?
Okay, then.
Unknown command.
As you read the scroll labeled ENTIDW PUYT, it crumbles to dust.
It is a scroll of identify.
g - a scroll of enchant weapon The water moccasin misses you.
The water moccasin bites you!
* * * LOW HITPOINT WARNING * * *
You feel very mighty all of a sudden. The water moccasin closely misses you.
You barely miss the water moccasin. You grab the water moccasin.
You constrict the water moccasin. The water moccasin bites you!
You die...

... ... ... ###.#
.... . .$## ##.#.#
#..# ## #....###@#
..## #.
+.....##S##ZZ... #..
#.......JZ.g.#
#..#.#......#.##Z....
#....#......#.# ..##
####.#.#......#.# #.#
..........#...#.# 5
...............#
.####..###.#.#.#.#


You could see a water moccasin, a jelly and a worker ant zombie.

Vanquished Creatures
  A centaur zombie (D:5)
  A hound (D:4)
  2 bullfrog skeletons (D:4)
  3 adders
  A leopard gecko (D:4)
  An orc (D:4)
  2 giant cockroaches
  2 goblins (D:2)
  2 hobgoblins (D:2)
  2 bats (D:2)
  5 kobolds
  A rat (D:1)
23 creatures vanquished.

Notes
Turn   | Place    | Note
-------+----------+-------------------------------------------
     0 | D:1      | M4edhros the Octopode Necromancer began the quest for the Orb.
     0 | D:1      | Reached XP level 1. HP: 11/11 MP: 3/3
   151 | D:2      | Reached skill level 1 in Unarmed Combat
   204 | D:2      | Reached XP level 2. HP: 7/17 MP: 5/5
   211 | D:2      | Learned a level 1 spell: Animate Skeleton
   280 | D:2      | Reached skill level 2 in Unarmed Combat
   324 | D:2      | Found a deep blue altar of Sif Muna.
   395 | D:4      | Reached skill level 3 in Unarmed Combat
   395 | D:4      | Reached XP level 3. HP: 4/21 MP: 6/6
   400 | D:4      | Learned a level 3 spell: Regeneration
   495 | D:4      | Reached XP level 4. HP: 14/27 MP: 3/7
   559 | D:4      | Reached skill level 4 in Unarmed Combat
   615 | D:5      | Entered Level 5 of the Dungeon
   635 | D:5      | Reached XP level 5. HP: 24/31 MP: 2/8
   663 | D:5      | Reached skill level 5 in Unarmed Combat
   667 | D:5      | Noticed a water moccasin
   676 | D:5      | Slain by a water moccasin

Skill      XL: |  1  2  3  4  5 |
---------------+----------------+-----
Unarmed Combat | 1 3 4 5 |  5.0
Dodging        | |  2.0
Stealth        | |  2.6
Spellcasting   | |  2.0
Necromancy     | |  4.0

Action                   |  1- 3 |  4- 6 || total
-------------------------+-------+-------++-------
Melee: Dagger            |    16 |       ||    16
       Unarmed           |    23 |    28 ||    51
       Constrict         |     6 |     4 ||    10
       Tentacles         |     4 |     4 ||     8
       Punch             |       |     2 ||     2
 Cast: Pain              |     9 |     4 ||    13
       Animate Skeleton  |     3 |     2 ||     5
       Regeneration      |     3 |     3 ||     6
  Use: Potion            |     2 |     1 ||     3
       Scroll            |       |     4 ||     4
 Stab: Sleeping          |     1 |       ||     1
  Eat: Chunk             |       |     1 ||     1
Armor: Skin              |    11 |     4 ||    15
Dodge: Dodged            |    25 |    18 ||    43
